 Dungeon Crawl Stone Soup version 0.21.1-1-g345015fe64 (webtiles) character file.

23 Jannitor the Ducker (level 2, 0/14 HPs)
             Began as a Felid Chaos Knight on May 14, 2018.
             Slain by a hobgoblin
             ... wielding a cursed +0 club
              (8 damage)
             ... on level 1 of the Dungeon.
             The game lasted 00:00:54 (827 turns).

Jannitor the Ducker (Felid Chaos Knight)             Turns: 827, Time: 00:00:55

Health: 0/14       AC:  1    Str:  8    XL:     2   Next: 75%
Magic:  2/2        EV: 19    Int: 13    God:    Xom [*.....]
Gold:   36         SH:  0    Dex: 15    Spells: 1/1 levels left
                                        Lives:  0   Deaths: 0

rFire    . . .     SeeInvis +     - Unarmed
rCold    . . .     Gourm    .   (shield unavailable)
rNeg     . . .     Faith    .   (armour unavailable)
rPois    .         Spirit   .   (helmet unavailable)
rElec    .         Reflect  .   (cloak unavailable)
rCorr    .         Harm     .   (gloves unavailable)
MR       .....                  (boots unavailable)
Stlth    +.........             (no amulet)
HPRegen  0.04/turn              (no ring)
MPRegen  0.08/turn              (no ring)

@: confused, very slow
A: very small, no armour, no weapons or thrown items, stealth, claws 1, fangs 3,
see invisible, carnivore, speed 1, low mp 1, shaggy fur 1, slow metabolism 1,
sharp paws
a: Renounce Religion


You were on level 1 of the Dungeon.
You worshipped Xom.
You were a special plaything of Xom.
You were completely stuffed.

You visited 1 branch of the dungeon, and saw 1 of its levels.

You collected 36 gold pieces.

Inventory:

Scrolls
 b - a scroll of immolation {unknown}
 c - a scroll of random uselessness {unknown}
 e - a scroll of amnesia {unknown}
 f - a scroll of noise {unknown}
Potions
 d - 2 potions of heal wounds {unknown}
Comestibles
 a - 2 rations


   Skills:
 + Level 3.2 Fighting
 + Level 3.6 Dodging
 + Level 1.6 Stealth
 + Level 3.2 Unarmed Combat


You had one spell level left.
You didn't know any spells.

Dungeon Overview and Level Annotations

Branches:
Dungeon (1/15)

Altars:


Innate Abilities, Weirdness & Mutations

You cannot wear armour.
You are incapable of wielding weapons or throwing items.
Your paws allow you to move quietly. (Stealth)
You have sharp claws.
You have razor-sharp teeth.
You have supernaturally acute eyesight. (SInv)
You are carnivorous and can eat meat at any time.
You cover ground quickly.
You are covered in fur. (AC +1)
You have a slow metabolism.
Your sharp claws are effective at attacking unaware monsters.
Your magical capacity is low. (-10% MP)


Message History

Found a spear.
You enter the shallow water.
Moving in this stuff is going to be slow. "Heh heh heh..."
You are confused.
You are now a special plaything of Xom.
You are too confused!
You are too confused!
You bump into the rock wall.
You are too confused!
You are too confused!
Unknown command.
Unknown command.
Unknown command.
The hobgoblin hits you with a club. The hobgoblin hits you with a club.
The hobgoblin hits you with a club!
Ouch! That really hurt!
You die... "What!?
That's it?"

. ....≈♣
≈.≈♣♣♣≈.≈♣♣♣≈≈≈♣♣♣≈≈#
# #≈≈≈
≈≈≈≈≈≈≈≈≈≈≈≈≈≈≈≈≈≈≈.#
.≈.
≈.≈.≈)≈≈≈.≈≈≈.≈...≈≈#
≈≈
≈.≈≈≈≈≈≈≈≈≈≈≈≈≈≈≈≈≈≈#
♣≈.≈♣♣♣≈.≈♣♣♣≈.≈♣♣♣≈≈#
♣≈≈≈ ♣≈≈≈♣ ♣≈.≈♣ #
♣≈.≈♣♣♣≈≈≈♣♣♣≈.≈♣
≈≈.≈≈≈≈≈.≈≈≈≈≈≈≈≈≈
.≈...≈g@.$≈..≈.≈.≈≈
##.#.#####.#####.##
...# #.) #$# ### ..


You could see a hobgoblin.

Vanquished Creatures
  2 dart slugs (D:1)
  A bat (D:1)
  A giant cockroach (D:1)
  5 goblins (D:1)
  A hobgoblin (D:1)
  2 frilled lizards (D:1)
  8 rats (D:1)
20 creatures vanquished.

Notes
Turn   | Place    | Note
-------+----------+-------------------------------------------
     0 | D:1      | Jannitor the Felid Chaos Knight began the quest for the Orb.
     0 | D:1      | Reached XP level 1. HP: 10/10 MP: 2/2
   114 | D:1      | XOM: butterfly on damage
   152 | D:1      | XOM: silly message
   157 | D:1      | XOM: harmless Tloc miscast
   175 | D:1      | Reached skill level 1 in Stealth
   199 | D:1      | Reached XP level 2. HP: 13/14 MP: 3/3
   435 | D:1      | XOM: harmless Erth miscast
   653 | D:1      | XOM: silly message
   683 | D:1      | XOM: give mutations
   683 | D:1      | Gained mutation: Your magical capacity is low. (-10% MP) [Xom's mischief]
   823 | D:1      | XOM is BORED!
   823 | D:1      | XOM: confusion
   827 | D:1      | Slain by a hobgoblin

Skill      XL: |  1 |
---------------+----+-----
Stealth        | 1 |  1.6
Fighting       | |  3.2
Dodging        | |  3.6
Unarmed Combat | |  3.2

Action                   || total
-------------------------++-------
Melee: Unarmed           ||    58
       Bite              ||     5
 Stab: Sleeping          ||     5
  Eat: Chunk             ||     7
Dodge: Dodged            ||    29
